 Dungeon Crawl Stone Soup version 0.30-a0-719-gcc4359ea44 (webtiles) character file.

Game seed: 16258582110003816188

3514 demibob the Carver (level 9, -5/61 HPs)
             Began as a Demonspawn Gladiator on Jan 27, 2023.
             Shot with a sling bullet by Joseph (15 damage)
             ... on level 7 of the Dungeon.
             The game lasted 00:19:46 (7634 turns).

demibob the Carver (Demonspawn Gladiator)           Turns: 7634, Time: 00:19:46

Health: -5/61      AC: 10    Str: 16    XL:     9   Next: 81%
Magic:  9/9        EV: 15    Int:  9    God:
Gold:   63         SH:  5    Dex: 18    Spells: 8/8 levels left

rFire   . . .      SeeInvis .    a - +1 long sword
rCold   . . .      Faith    .    (no shield)
rNeg    + . .      Spirit   .    s - +0 acid dragon scales
rPois   .          Reflect  +    u - +2 hood of the Assassin {Detect Stab+ Stlth++}
rElec   .          Harm     .    o - +0 cloak
rCorr   +          Rampage  .    (no gloves)
Will    .....                    v - +0 pair of boots
Stlth   +++++                    t - amulet of reflection
HPRegen 0.30/turn                L - ring of flight
MPRegen 0.11/turn                N - ring of positive energy

@: flying
A: antennae 1, repulsion field 2, ignite blood 1, demonic magic 1
a: no special abilities


You were on level 7 of the Dungeon.
You visited 1 branch of the dungeon, and saw 7 of its levels.
You also visited: Sewer.

You collected 476 gold pieces.
You spent 413 gold pieces at shops.


Innate Abilities, Weirdness & Mutations

You have a pair of small antennae on your head.
You are surrounded by a moderate repulsion field. (EV +3)
Your demonic aura sometimes causes spilled blood to erupt in flames.
Spells you cast may paralyse adjacent enemies.


   Skills:
 - Level 2.0 Fighting
 + Level 11.8 Long Blades
 - Level 1.7 Throwing
 - Level 2.6 Dodging
 + Level 6.2 Stealth


You had 8 spell levels left.
You didn't know any spells.
Your spell library contained the following spells:

 Spells                   Type           Power      Damage    Failure   Level
 Shock                    Conj/Air       0%         1d3       50%         1
 Summon Guardian Golem    Hex/Summ       0%         N/A       86%         3
 Swiftness                Air            0%         N/A       86%         3
 Airstrike                Air            0%         2d(0-16)  99%         4
 Orb of Destruction       Conj           0%         9d5       100%        7
 Spellforged Servitor     Conj/Summ      0%         N/A       100%        7

Inventory:

Hand Weapons
 a - a +1 long sword (weapon)
 g - a +4 great sword
Missiles
 d - 4 throwing nets (quivered) {=f}
 e - a javelin
Armour
 b - the +3 pair of gloves of Daisies {rPois rC- Will+ SInv}
   (You bought it in a shop on level 7 of the Dungeon)

   rC:        It makes you vulnerable to cold.
   rPois:     It protects you from poison.
   SInv:      It lets you see invisible.
   Will:      It increases your willpower.
 c - a +0 helmet
 o - a +0 cloak (worn)
 s - +0 acid dragon scales (worn)
 u - the +2 hood of the Assassin (worn) {Detect Stab+ Stlth++}
   (You acquired it on level 5 of the Dungeon)

   Detect:    It allows the wearer to sense nearby creatures.
   Stab+:     It allows the wearer to make particularly effective stabbing
   attacks against helpless or unaware enemies with any weapon.
   Stlth:     It makes you much more stealthy.
 v - a +0 pair of boots (worn)
Jewellery
 k - an amulet of magic regeneration
 t - an amulet of reflection (around neck)
 F - a ring of fire
 L - a ring of flight (left hand)
 N - a ring of positive energy (right hand)
Wands
 n - a wand of flame (14)
 p - a wand of charming (1)
 q - a wand of polymorph (2)
 B - a wand of digging (5)
Scrolls
 i - a scroll of fog
 w - a scroll of teleportation {@r2}
 y - 2 scrolls of identify {@r1}
 C - 2 scrolls of enchant weapon
Potions
 f - a potion of cancellation
 h - 2 potions of haste {@q3}
 j - a potion of magic
 l - 2 potions of brilliance
 m - 6 potions of flight
 x - 2 potions of curing {@q1}
 z - a potion of ambrosia

Dungeon Overview and Level Annotations

Branches:
Dungeon (7/15)              Sewer (visited)
 Temple: D:4-7

Altars:
Ashenzari
Fedhas
Hepliaklqana

Shops:
D:3 ?   D:6 (   D:7 *

Annotations:
D:7 Joseph

##...# #.# #..##......#...##.
####...# #.# #..##.............
.......###.#####..##......#.#....
####...........#.................
# #.~.....Y..............#'#.#..
# ####.####.....@......#........
.# #.# ####.Y..##.........##.
.######.### #[..............+..
..........# ####@#..<..##.....##.
.##.###.#####....................
#. #.#..........##.###.#......
.##.###.#..........##.# #.#......
........#..........##.###.#......
#####.#.#..........##............
#.#.#..........##.####.......
#.#.#..........##.# #.......
#.#.#..........##.####..#####


You could see Joseph and an ice beast.


Message History

You hit the yak but do no damage.
The yak is lightly wounded.
The yak completely misses you.
You closely miss the yak.
The yak is lightly wounded.
You barely miss the yak.
The yak is lightly wounded.
The yak completely misses you.
You slash the yak!
The yak is heavily wounded.
The yak gores you!
* * * LOW HITPOINT WARNING * * *
You slash the yak!
The yak is severely wounded.
The yak is engulfed in blazing flames.
You kill the yak!
You start resting.
A howler monkey is nearby!
The sky beast flickers out of sight!
Deactivating autopickup; reactivate with Ctrl-A.
A sky beast appears from thin air!
Reactivating autopickup.
Joseph shouts!
Joseph shoots a sling bullet.
You reflect the sling bullet off an invisible shield around you!
The sling bullet hits Joseph!
Joseph shoots a sling bullet.
The sling bullet hits you!
* * * LOW HITPOINT WARNING * * *
Joseph shoots a sling bullet.
The sling bullet hits you!
You die...

Skill      XL: |  1  2  3  4  5  6  7  8  9 |
---------------+----------------------------+-----
Long Blades    | 3 4 5 6 7 9 10 11 | 11.8
Stealth        | 3 6 |  6.2
Fighting       | |  2.0
Throwing       | |  1.7
Dodging        | |  2.6

Action                     |  1- 3 |  4- 6 |  7- 9 || total
---------------------------+-------+-------+-------++-------
  Melee: Long sword        |   122 |   125 |    81 ||   328
         Punch             |     1 |       |     1 ||     2
         Great sword       |       |    29 |   187 ||   216
         Unarmed           |       |       |     1 ||     1
  Evoke: Wand              |       |     2 |     9 ||    11
    Use: Scroll            |     1 |     7 |    15 ||    23
         Potion            |       |     4 |     7 ||    11
   Stab: Sleeping          |     2 |       |    10 ||    12
         Invisible         |       |       |     2 ||     2
         Distracted        |       |       |     1 ||     1
 Armour: Leather armour    |    39 |    25 |    56 ||   120
         Skin              |       |     6 |       ||     6
         Acid dragon scale |       |       |     6 ||     6
  Dodge: Dodged            |    85 |   115 |   212 ||   412
  Block: Other             |       |    14 |    59 ||    73
         Reflection        |       |       |     1 ||     1

Levels and vault maps discovered:
D:1:      noname_arrival_rooms_in_the_neighbourhood, layout_loops_ring,
          hangedman_feature_mirror, chequers_serial_rivers_small_a,
          dreamdust_mushroom_princess
D:2:      layout_loops_corners
D:3:      layout_basic, serial_shops, nicolae_shop_behind_doors, serial_undead,
          serial_undead_f, serial_undead_c, serial_undead_e, serial_undead_d
D:4:      layout_loops_ring, mainiacjoe_overflow_concentric_impassable
D:5:      layout_loops_ring, gup_sewer_entry_bubbles, minmay_fractal_squares_5
D:6:      layout_rooms, fedhas_altar_decomposition, serial_shops,
          nicolae_shop_stone
D:7:      layout_basic, mainiacjoe_overflow_six_doors_small, temple_doors_cd,
          serial_shops, nicolae_shop_behind_doors, minmay_misc_feat_diagonals,
          kennysheep_dice, uniq_joseph, uniq_maggie

Notes
Turn   | Place    | Note
-------+----------+-------------------------------------------
     0 | D:1      | demibob the Demonspawn Gladiator began the quest for the
                  | Orb.
     0 | D:1      | Reached XP level 1. HP: 16/16 MP: 1/1
   178 | D:1      | Reached skill level 3 in Long Blades
   239 | D:1      | Gained mutation: Your demonic aura sometimes causes spilled
                  | blood to erupt in flames. [demonic ancestry]
   239 | D:1      | Reached XP level 2. HP: 16/22 MP: 2/2
  1008 | D:2      | Gained mutation: You are surrounded by a mild repulsion
                  | field. (EV +2) [demonic ancestry]
  1008 | D:2      | Reached XP level 3. HP: 24/27 MP: 3/3
  1096 | D:2      | Reached skill level 4 in Long Blades
  1556 | D:2      | Gained mutation: You have a pair of small antennae on your
                  | head. [demonic ancestry]
  1556 | D:2      | Reached XP level 4. HP: 33/33 MP: 4/4
  1843 | D:2      | HP: 3/33 [poisoned by an adder]
  2357 | D:3      | Reached skill level 5 in Long Blades
  2773 | D:3      | Found Gaxuttab's Magic Scroll Boutique.
  2776 | D:3      | Bought a scroll of identify for 24 gold pieces
  2776 | D:3      | Bought a scroll of magic mapping for 90 gold pieces
  2776 | D:3      | Bought a scroll of identify for 24 gold pieces
  2930 | D:4      | Reached XP level 5. HP: 34/38 MP: 5/5
  2963 | D:4      | Noticed a black bear
  2974 | D:4      | Killed a black bear
  2975 | D:4      | Reached skill level 6 in Long Blades
  2979 | D:4      | Reached XP level 6. HP: 13/44 MP: 6/6
  3284 | D:4      | Identified the +4 chain mail of the Bulwark {rC- rCorr
                  | Int+6 Dex+3}
  3287 | D:4      | Reached skill level 7 in Long Blades
  3311 | D:4      | HP: 2/44 [kobold brigand/+0 dagger (4)]
  3321 | D:4      | Reached XP level 7. HP: 33/50 MP: 7/7
  3464 | D:4      | Found a broken altar of Ashenzari.
  3783 | D:5      | Entered Level 5 of the Dungeon
  3883 | D:5      | Reached skill level 8 in Long Blades
  3927 | D:5      | Found a glowing drain.
  3935 | Sewer    | Entered a sewer
  4637 | D:5      | Identified a scroll of acquirement
  4637 | D:5      | Acquired the +2 hood of the Assassin {Detect Stab+ Stlth++}
  4637 | D:5      | Found the +2 hood of the Assassin {Detect Stab+ Stlth++}
  5080 | D:5      | Reached skill level 9 in Long Blades
  5080 | D:5      | Gained mutation: Spells you cast may paralyse adjacent
                  | enemies. [demonic ancestry]
  5080 | D:5      | Reached XP level 8. HP: 49/56 MP: 8/8
  5210 | D:5      | HP: 5/56 [ogre/+0 giant spiked club (24)]
  5634 | D:6      | Reached skill level 10 in Long Blades
  5986 | D:6      | Reached skill level 1 in Stealth
  6034 | D:6      | Reached skill level 2 in Stealth
  6086 | D:6      | Found Tylot's Antique Weapon Shoppe.
  6291 | D:6      | Found a blossoming altar of Fedhas.
  6408 | D:7      | Noticed Maggie
  6769 | D:7      | Reached skill level 3 in Stealth
  6769 | D:7      | Gained mutation: You are surrounded by a moderate repulsion
                  | field. (EV +3) [demonic ancestry]
  6769 | D:7      | Reached XP level 9. HP: 36/61 MP: 9/9
  7078 | D:7      | Found a hazy altar of Hepliaklqana.
  7162 | D:7      | Reached skill level 11 in Long Blades
  7165 | D:7      | Reached skill level 4 in Stealth
  7338 | D:7      | Killed Maggie
  7363 | D:7      | Found Omeckib's Assorted Antiques.
  7366 | D:7      | Bought a pair of ancient gloves for 275 gold pieces
  7366 | D:7      | Identified the +3 pair of gloves of Daisies {rPois rC-
                  | Will+ SInv} (You bought it in a shop on level 7 of the
                  | Dungeon)
  7440 | D:7      | Noticed Joseph
  7457 | D:7      | Reached skill level 5 in Stealth
  7596 | D:7      | Reached skill level 6 in Stealth
  7634 | D:7      | Shot with a sling bullet by Joseph

Vanquished Creatures
  Maggie (D:7)
  A wyvern (D:7)
  3 yaks (D:7)
  A steam dragon (D:7)
  4 water moccasins
  A black bear (D:4)
  3 ogres
  A centaur (D:5)
  A phantom (D:5)
  A kobold brigand (D:4)
  A bullfrog (D:6)
  2 necrophages
  4 scorpions
  2 wights (D:4)
  4 killer bees
  A howler monkey (D:4)
  2 hounds
  A jelly (D:7)
  An orc priest (D:6)
  A gnoll bouda (D:5)
  4 iguanas
  2 orc wizards (D:6)
  7 gnolls
  13 adders
  4 river rats (Sewer)
  2 shadow imps
  2 white imps (D:5)
  An ufetubus (D:6)
  An adder skeleton (D:3)
  2 adder zombies (D:3)
  7 worms
  4 dart slugs
  6 orcs
  12 ball pythons
  7 endoplasms
  5 giant cockroaches
  6 goblins
  6 hobgoblins
  10 jackals
  7 quokkas
  A ball python skeleton (D:3)
  13 bats
  8 frilled lizards
  7 kobolds
  7 rats
180 creatures vanquished.

Vanquished Creatures (collateral kills)
  A wight (D:4)
  A gnoll bouda (D:7)
  An iguana (D:5)
  A gnoll (D:7)
4 creatures vanquished.

Vanquished Creatures (others)
  11 plants (D:6)
  3 withered plants (D:3)
14 creatures vanquished.

Grand Total: 198 creatures vanquished

Table legend: (Time is in decaauts)
 A = Elapsed time spent in this place.
 B = Non-inter-level travel time spent in this place.
 C = Inter-level travel time spent in this place.
 D = Time resting spent in this place.
 E = Time spent auto-exploring this place.
 F = Levels seen in this place.
 G = Mean time per level.
                   A        B        C        D        E       F      G
               +--------+--------+--------+--------+--------+-----+--------+
         Total |   7708 |   7428 |    280 |   1434 |   4302 |   8 |  963.5 |
       Dungeon |   6990 |   6710 |    280 |   1295 |   3916 |   7 |  998.6 |
         Sewer |    718 |    718 |      0 |    139 |    386 |   1 |  718.0 |
               +--------+--------+--------+--------+--------+-----+--------+

Top non-repeatable levels by time:
     D:2: 1162 daAuts
     D:6: 1146 daAuts
     D:5: 1137 daAuts
     D:4: 1017 daAuts
     D:1: 954 daAuts
     D:7: 863 daAuts
   Sewer: 718 daAuts
     D:3: 709 daAuts

Table legend:
 A = Non-vault XP
 B = Vault XP
 C = Vault XP percentage of total XP
 D = Non-vault monster count
 E = Vault monster count
 F = Vault count percentage of total count
                 A         B        C        D         E       F
            +---------+---------+-------+---------+---------+-------
      Total |    4174 |     846 |  16.9 |     138 |      46 |  25.0
            +---------+---------+-------+---------+---------+-------
        D:1 |      35 |       4 |  10.3 |      23 |       2 |   8.0
        D:2 |      86 |       0 |   0.0 |      21 |       0 |   0.0
        D:3 |      42 |      16 |  27.6 |      23 |       4 |  14.8
        D:4 |     638 |       0 |   0.0 |      22 |       0 |   0.0
        D:5 |     722 |     292 |  28.8 |      18 |      12 |  40.0
        D:6 |     789 |       0 |   0.0 |      14 |       0 |   0.0
        D:7 |    1862 |     389 |  17.3 |      17 |       1 |   5.6
      Sewer |       0 |     145 | 100.0 |       0 |      27 | 100.0
            +---------+---------+-------+---------+---------+-------
